 Dungeon Crawl Stone Soup version 0.23.0 (webtiles) character file.

Game seed: 5132218125586965481

10153 Trogdor the Archer (level 11, -9/66 HPs)
             Began as a Demonspawn Hunter on Feb 21, 2019.
             Was a Priest of Ru.
             Splashed by an oklob plant's acid (12 damage)
             ... on level 1 of the Lair of Beasts on Feb 22, 2019.
             The game lasted 01:19:53 (10010 turns).

Trogdor the Archer (Demonspawn Hunter)             Turns: 10010, Time: 01:20:23

Health: -9/66      AC: 10    Str: 16    XL:     11   Next: 32%
Magic:  2/14       EV: 13    Int: 12    God:    Ru [***...]
Gold:   247        SH:  0    Dex: 24    Spells: 3/14 levels left

rFire    . . .     SeeInvis .   r - +6 shortbow (freeze)
rCold    . . .     Gourm    .   (shield currently unavailable)
rNeg     . . .     Faith    .   J - +4 leather armour "Vidokeps" {Str+3 Dex+7}
rPois    .         Spirit   .   (helmet restricted)
rElec    .         Reflect  .   Q - +0 cloak
rCorr    .         Harm     .   (no gloves)
MR       .....                  P - +1 pair of boots
Stlth    ..........             w - amulet of regeneration
HPRegen  0.61/turn              a - +2 ring of slaying (curse)
MPRegen  0.14/turn              C - +3 ring of slaying

@: very slightly contaminated
A: antennae 2, claws 2, hooves 2, frail 2, mutation resistance 1, powered by
death 2, no stealth, inexperienced 1
a: Draw Out Power, Renounce Religion


You were on level 1 of the Lair of Beasts.
You worshipped Ru.
Ru was most pleased with you.
You were hungry.

You visited 2 branches of the dungeon, and saw 11 of its levels.

You collected 703 gold pieces.
You spent 456 gold pieces at shops.

Inventory:

Hand Weapons
 r - a +6 shortbow of freezing (weapon)
 x - a +2 trident of venom
 E - a +0 dagger of speed
 U - the cursed +1 long sword "Cituhax" {vamp, Int+6}
   (You found it on level 9 of the Dungeon)

   It inflicts no extra harm, but heals its wielder when it wounds a living foe.
   It affects your intelligence (+6).
   It has a curse placed upon it.
Missiles
 d - 76 arrows (quivered)
Armour
 c - the +14 crystal plate armour "Jyepaw" {+Inv rF+ Dex+4}
   (You found it on level 10 of the Dungeon)

   It affects your dexterity (+4).
   It protects you from fire.
   It lets you turn invisible.
 e - a +1 chain mail of fire resistance
 l - a +2 robe of cold resistance
 J - the +4 leather armour "Vidokeps" (worn) {Str+3 Dex+7}
   (You found it on level 6 of the Dungeon)

   It affects your strength (+3).
   It affects your dexterity (+7).
 P - a +1 pair of boots (worn)
 Q - a +0 cloak (worn)
Jewellery
 a - a cursed +2 ring of slaying (left claw)
 m - an uncursed ring of ice
 v - an uncursed ring of ice
 w - an amulet of regeneration (around neck)
 B - a +4 ring of strength
 C - a +3 ring of slaying (right claw)
 M - an uncursed ring of poison resistance
 N - an uncursed ring of resist corrosion
 W - a +3 ring of protection
 X - an uncursed amulet of rage
Wands
 y - a wand of flame (10)
 L - a wand of acid (16)
Scrolls
 b - a scroll of immolation
 g - 2 scrolls of magic mapping {unknown}
 h - 4 scrolls of blinking
 i - 3 scrolls of teleportation
 k - a scroll of fog
 n - a scroll of identify
 o - 2 scrolls of noise
 p - a scroll of random uselessness {unknown}
 s - a scroll of fear
 t - a scroll of enchant weapon
 u - 3 scrolls of enchant armour
 z - 3 scrolls of remove curse
 G - a scroll of amnesia {unknown}
 O - a scroll of acquirement {unknown}
 T - a scroll of summoning {unknown}
 V - a scroll of brand weapon {unknown}
Potions
 j - 2 potions of brilliance
 q - 6 potions of curing
 A - a potion of resistance
 D - 2 potions of lignification
 F - 5 potions of flight
 H - a potion of heal wounds
 I - 2 potions of haste
 K - a potion of berserk rage
 R - 2 potions of cancellation
 S - a potion of magic
Comestibles
 f - 29 rations


   Skills:
 + Level 6.7 Fighting
 + Level 13.0 Bows
 + Level 2.5 Armour
 + Level 2.1 Dodging
 - Level 2.0 Spellcasting
 + Level 4.3 Conjurations
 + Level 2.8 Charms
 + Level 2.8 Translocations
 + Level 3.0 Ice Magic
 + Level 4.3 Poison Magic


You had 3 spell levels left.
You knew the following spells:

 Your Spells              Type           Power        Failure   Level  Hunger
a - Blink                 Tloc           N/A          16%         2    ###....
b - Mephitic Cloud        Conj/Pois/Air  #.......     30%         3    ####...
c - Ozocubu's Armour      Chrm/Ice       #.......     28%         3    ####...
d - Conjure Flame         Conj/Fire      #.......     36%         3    ####...

Your spell library contained the following spells:

 Spells                   Type           Power        Failure   Level  Hunger
 Magic Dart               Conj           ##..         5%          1    ##.....
 Sting                    Conj/Pois      ##..         5%          1    ##.....
 Summon Small Mammal      Summ           #...         32%         1    ##.....
 Call Imp                 Summ           #.......     43%         2    ###....
 Slow                     Hex            #.......     43%         2    ###....
 Call Canine Familiar     Summ           #.......     67%         3    ####...
 Summon Guardian Golem    Hex/Summ       #.......     67%         3    ####...
 Summon Ice Beast         Ice/Summ       #.......     86%         4    #####..
 Summon Lightning Spire   Summ/Air       #.......     97%         4    #####..
 Metabolic Englaciation   Hex/Ice        #.........   99%         5    ######.


Dungeon Overview and Level Annotations

Branches:
Dungeon (10/15)            Temple (0/1) D:6            Lair (1/6) D:8
    Orc: D:9-12

Altars:
Ashenzari
Cheibriados
Elyvilon
Fedhas
Gozag
Hepliaklqana
Nemelex Xobeh
Qazlal
Ru
Uskayaw
Yredelemnul

Shops:
D:4 (:(=   D:8 ?=}*[

Annotations:
D:9 2 transporters, DrEnzyme's ghost, novice OpWr
Lair:1 exclusion: 2 oklob plants


Innate Abilities, Weirdness & Mutations

You have a pair of antennae on your head.
You have very sharp fingernails.
You have hoof-like feet.
You regenerate health from kills.
You cannot be stealthy.
You are somewhat inexperienced. (-2 XL)
You are very frail. (-20% HP)
You are somewhat resistant to further mutation.


Message History

You blink.
You are feeling hungry.
You feel sick. The black mamba bites you!
* * * LOW HITPOINT WARNING * * *
You feel better. The black mamba completely misses you.
The black mamba bites you.
* * * LOW HITPOINT WARNING * * *
Casting: Blink (safe; 16% risk of failure)
Confirm with . or Enter, or press ? or * to list all spells.
You miscast Blink.
You feel a wrenching sensation.
The black mamba is stunned by your will and fails to attack.
The black mamba barely misses you.
Casting: Blink (safe; 16% risk of failure)
Confirm with . or Enter, or press ? or * to list all spells.
You blink.
The oklob plant spits acid at you. The splash of acid hits you!
* * * LOW HITPOINT WARNING * * *
You are splashed with acid!
You die...

#....# ### #.
##....###.######
#...............
##.............#
#.............#
#..§...####...#
####......#.....##
#P(P.....#...###.#
#@(P.....+........
####.....#...♣...+
#.....+.......#
#...###........
#...# ##.....##
##...# ######
#....# ..# #....#
... #....# #.


You could see an oklob plant.

Vanquished Creatures
  A two-headed ogre (D:9)
  3 death yaks (D:8)
  The ghost of Ihryk the Spear-Bearer, a novice MfGl of Okawaru (D:7)
  Pikel (D:4)
  An ugly thing (D:10)
  An oklob plant (Lair:1)
  A spiny frog (Lair:1)
  A komodo dragon (Lair:1)
  A queen bee (D:9)
  A troll (D:9)
  The ghost of shareduser the Magician, an amateur GnWz (D:4)
  A hippogriff (D:7)
  6 yaks (Lair:1)
  Eustachio (D:4)
  A wyvern (D:9)
  A soldier ant (D:10)
  3 water moccasins
  2 porcupines
  3 ice beasts
  A slave (D:4)
  An orc warrior (D:10)
  A black bear (D:9)
  4 phantoms
  3 ogres
  5 centaurs
  Blork the orc (D:4)
  6 bullfrogs
  A water moccasin skeleton (D:4)
  5 scorpions
  17 killer bees (D:9)
  3 howler monkeys
  3 crimson imps
  2 bullfrog zombies (D:8)
  4 orc priests
  A centaur zombie (D:7)
  3 hounds
  2 bullfrog skeletons
  A jelly (D:7)
  5 orc wizards
  Crazy Yiuf (D:7)
  A centaur skeleton (D:4)
  An iguana (D:6)
  3 worker ants
  A killer bee zombie (D:4)
  A hound skeleton (D:10)
  A howler monkey zombie (D:3)
  A worker ant zombie (D:7)
  Robin (D:4)
  A howler monkey skeleton (D:6)
  10 adders
  3 gnolls (D:2)
  2 river rats (D:8)
  A shadow imp (D:8)
  An adder zombie (D:6)
  2 adder skeletons
  4 worms
  4 dart slugs
  2 leopard geckos
  17 orcs
  4 giant cockroaches
  12 goblins
  15 hobgoblins
  7 jackals
  10 quokkas
  3 ball pythons
  10 bats
  5 frilled lizards
  A giant cockroach zombie (D:6)
  A jackal zombie (D:6)
  10 kobolds
  A quokka skeleton (D:4)
  11 rats
  A plant (D:4)
249 creatures vanquished.

Vanquished Creatures (others)
  7 goblins (D:4)
  2 hobgoblins (D:4)
9 creatures vanquished.

Grand Total: 258 creatures vanquished

Notes
Turn   | Place    | Note
-------+----------+-------------------------------------------
     0 | D:1      | Trogdor the Demonspawn Hunter began the quest for the Orb.
     0 | D:1      | Reached XP level 1. HP: 16/16 MP: 1/1
   168 | D:1      | Reached skill level 4 in Bows
   168 | D:1      | Gained mutation: You have a pair of small antennae on your
                  | head. [demonic ancestry]
   168 | D:1      | Reached XP level 2. HP: 22/22 MP: 2/2
   547 | D:2      | Gained mutation: You have large cloven feet. [demonic
                  | ancestry]
   547 | D:2      | Reached XP level 3. HP: 7/27 MP: 3/3
  1288 | D:2      | Reached skill level 5 in Bows
  1292 | D:2      | Gained mutation: You regenerate a little health from kills.
                  | [demonic ancestry]
  1292 | D:2      | Reached XP level 4. HP: 33/33 MP: 4/4
  1383 | D:2      | Found a hide-covered altar of Uskayaw.
  1953 | D:3      | Reached XP level 5. HP: 24/38 MP: 5/5
  1962 | D:3      | Reached skill level 6 in Bows
  2588 | D:3      | Found a sacrificial altar of Ru.
  2601 | D:3      | Gained mutation: You have a pair of antennae on your head.
                  | [demonic ancestry]
  2601 | D:3      | Reached XP level 6. HP: 27/44 MP: 6/6
  2640 | D:3      | Became a worshipper of Ru the Awakened
  2983 | D:3      | Found a stormy altar of Qazlal.
  3091 | D:4      | Found Leifeop's Jewellery Boutique.
  3379 | D:4      | Found a blossoming altar of Fedhas.
  3396 | D:4      | Reached skill level 7 in Bows
  3722 | D:4      | Noticed Blork the orc
  3729 | D:4      | Killed Blork the orc
  3729 | D:4      | Gained mutation: You have hoof-like feet. [demonic
                  | ancestry]
  3729 | D:4      | Reached XP level 7. HP: 39/50 MP: 7/7
  3814 | D:4      | Reached skill level 8 in Bows
  3819 | D:4      | Noticed Eustachio
  3911 | D:4      | Killed Eustachio
  3977 | D:4      | Found Howkoa's Book Shoppe.
  4008 | D:4      | Noticed Pikel
  4037 | D:4      | Killed Pikel
  4037 | D:4      | Reached skill level 9 in Bows
  4037 | D:4      | Reached XP level 8. HP: 12/56 MP: 8/8
  4120 | D:4      | Noticed Robin
  4252 | D:4      | Killed Robin
  4331 | D:4      | Found Xicoa's Antique Weapon Boutique.
  4342 | D:4      | Learned a level 2 spell: Blink
  4346 | D:4      | Learned a level 3 spell: Mephitic Cloud
  4358 | D:4      | Gained mutation: You are somewhat inexperienced. (-2 XL)
                  | [Ru sacrifice]
  4358 | D:4      | Reached XP level 7. HP: 50/50 MP: 7/7
  4358 | D:4      | Reached XP level 6. HP: 44/44 MP: 6/6
  4358 | D:4      | Reached * piety under Ru
  4358 | D:4      | Reached ** piety under Ru
  4358 | D:4      | Reached *** piety under Ru
  4365 | D:4      | Found Legy's Antique Weapon Shoppe.
  4370 | D:4      | Bought a glowing shortbow for 156 gold pieces
  4573 | D:4      | Found a runed translucent door.
  4573 | D:4      | Noticed shareduser's ghost (amateur GnWz)
  4582 | D:4      | Gained mutation: Scrolls take you a little longer to read.
                  | [potion of mutation]
  4582 | D:4      | Gained mutation: You are occasionally teleported next to
                  | monsters. [potion of mutation]
  4582 | D:4      | Gained mutation: Your mind is acute. (Int +2) [potion of
                  | mutation]
  4646 | D:4      | Killed shareduser's ghost
  4646 | D:4      | Reached skill level 10 in Bows
  4647 | D:4      | Reached XP level 7. HP: 51/51 MP: 7/7
  4691 | D:5      | Entered Level 5 of the Dungeon
  4716 | D:5      | Reached skill level 1 in Translocations
  4821 | D:5      | Found a shattered altar of Ashenzari.
  4851 | D:5      | Found a basalt altar of Yredelemnul.
  5131 | D:5      | Reached XP level 8. HP: 58/58 MP: 8/8
  5726 | D:6      | Found a staircase to the Ecumenical Temple.
  5740 | D:6      | Reached skill level 11 in Bows
  5742 | D:6      | Got an emerald-encrusted leather armour
  5753 | D:6      | Identified the +4 leather armour "Vidokeps" {Str+3 Dex+7}
                  | (You found it on level 6 of the Dungeon)
  5769 | D:6      | Identified Witeokhli's Papyrus of Congealing Toxins
  5795 | D:6      | Reached skill level 1 in Conjurations
  5845 | D:6      | Found a sparkling altar of Nemelex Xobeh.
  5846 | D:6      | Found an opulent altar of Gozag.
  6048 | D:7      | Noticed a hippogriff
  6051 | D:7      | Killed a hippogriff
  6085 | D:7      | Found a hazy altar of Hepliaklqana.
  6109 | D:7      | Reached skill level 1 in Poison Magic
  6128 | D:7      | Gained mutation: You have sharp fingernails. [demonic
                  | ancestry]
  6128 | D:7      | Reached XP level 9. HP: 66/66 MP: 9/9
  6258 | D:7      | Found a runed translucent door.
  6258 | D:7      | Noticed Ihryk's ghost (novice MfGl)
  6266 | D:7      | Reached skill level 5 in Fighting
  6397 | D:7      | Found a runed translucent door.
  6398 | D:7      | Noticed Crazy Yiuf
  6409 | D:7      | Killed Crazy Yiuf
  6429 | D:7      | Gained mutation: You cannot be stealthy. [Ru sacrifice]
  6679 | D:7      | Killed Ihryk's ghost
  6679 | D:7      | Reached skill level 1 in Armour
  6735 | D:7      | Learned a level 3 spell: Ozocubu's Armour
  6785 | D:8      | Noticed a death yak
  6822 | D:8      | Killed a death yak
  6823 | D:8      | Noticed a death yak
  6823 | D:8      | Noticed a death yak
  6830 | D:8      | Killed a death yak
  6830 | D:8      | Reached skill level 1 in Spellcasting
  6830 | D:8      | Reached skill level 1 in Charms
  6830 | D:8      | Reached skill level 1 in Ice Magic
  6830 | D:8      | Gained mutation: You have very sharp fingernails. [demonic
                  | ancestry]
  6830 | D:8      | Reached XP level 10. HP: 74/74 MP: 6/11
  6843 | D:8      | Killed a death yak
  6843 | D:8      | Reached skill level 12 in Bows
  6905 | D:8      | Found Gacit's Gadget Boutique.
  6943 | D:8      | Found a staircase to the Lair.
  7017 | D:8      | Found Nidacots's Magic Scroll Emporium.
  7132 | D:8      | Found Bownuegg's Jewellery Shoppe.
  7222 | D:8      | Found Zuen's Antique Armour Shop.
  7280 | D:8      | Found Caofriti's Assorted Antiques.
  7286 | D:8      | Bought a ring of slaying for 60 gold pieces
  7286 | D:8      | Bought a potion of mutation for 240 gold pieces
  7286 | D:8      | Lost mutation: You are occasionally teleported next to
                  | monsters. [potion of mutation]
  7286 | D:8      | Lost mutation: Your mind is acute. (Int +2) [potion of
                  | mutation]
  7286 | D:8      | Lost mutation: Scrolls take you a little longer to read.
                  | [potion of mutation]
  7286 | D:8      | Gained mutation: You are frail. (-10% HP) [potion of
                  | mutation]
  7286 | D:8      | Gained mutation: You are very frail. (-20% HP) [potion of
                  | mutation]
  7286 | D:8      | Gained mutation: You are somewhat resistant to further
                  | mutation. [potion of mutation]
  7753 | D:9      | Noticed a death knight
  7802 | D:9      | Got an ancient long sword
  7803 | D:9      | Identified the cursed +1 long sword "Cituhax" {vamp, Int+6}
                  | (You found it on level 9 of the Dungeon)
  8237 | D:9      | Noticed DrEnzyme's ghost (novice OpWr)
  8239 | D:9      | Found a transporter.
  8250 | D:9      | Found a transporter.
  8492 | D:9      | Noticed a two-headed ogre
  8495 | D:9      | Killed a two-headed ogre
  8579 | D:9      | Found a snail-covered altar of Cheibriados.
  8674 | D:10     | Entered Level 10 of the Dungeon
  8795 | D:10     | Learned a level 3 spell: Conjure Flame
  8979 | D:10     | Found a white marble altar of Elyvilon.
  8987 | D:10     | Got a dazzling crystal plate armour
  8988 | D:10     | Identified the +14 crystal plate armour "Jyepaw" {+Inv rF+
                  | Dex+4} (You found it on level 10 of the Dungeon)
  9191 | D:10     | Gained mutation: You regenerate health from kills. [demonic
                  | ancestry]
  9191 | D:10     | Reached XP level 11. HP: 64/64 MP: 14/14
  9209 | D:10     | Noticed a cyan ugly thing
  9214 | D:10     | Killed a cyan ugly thing
  9520 | Lair:1   | Entered Level 1 of the Lair of Beasts
  9746 | Lair:1   | Noticed an oklob plant
  9760 | Lair:1   | Killed an oklob plant
  9773 | Lair:1   | Noticed an oklob plant
  9980 | Lair:1   | Reached skill level 13 in Bows
 10005 | Lair:1   | Noticed an oklob plant
 10010 | Lair:1   | HP: 3/66 [oklob plant/splash of acid (14)]
 10010 | Lair:1   | Splashed by an oklob plant's acid

Skill      XL: |  1  2  3  4  5  6  7  8  9 10 11 |
---------------+----------------------------------+-----
Bows           | 4 5 6 10 9 11 12 13 | 13.0
Translocations | 2 |  2.8
Fighting       | 3 4 5 6 |  6.7
Dodging        | 2 |  2.1
Conjurations   | 1 3 4 |  4.3
Poison Magic   | 1 3 4 |  4.3
Armour         | 1 2 |  2.5
Spellcasting   | 1 2 |  2.0
Charms         | 1 2 |  2.8
Ice Magic      | 1 2 3 |  3.0

Action                   |  1- 3 |  4- 6 |  7- 9 | 10-12 || total
-------------------------+-------+-------+-------+-------++-------
Melee: Short sword       |    14 |     3 |       |       ||    17
       Whip              |       |    16 |       |       ||    16
       Kick              |       |    10 |       |       ||    10
 Fire: Shortbow          |   102 |   232 |   251 |   219 ||   804
 Cast: Blink             |       |       |     7 |     6 ||    13
       Ozocubu's Armour  |       |       |       |     3 ||     3
       Mephitic Cloud    |       |       |       |     1 ||     1
Invok: Sacrifice Experie |       |     1 |       |       ||     1
       Sacrifice Stealth |       |       |     1 |       ||     1
       Reject Sacrifices |       |       |       |     1 ||     1
  Use: Scroll            |     1 |     1 |     6 |     8 ||    16
       Potion            |     3 |     7 |     3 |     3 ||    16
  Eat: Chunk             |     1 |     8 |     9 |     7 ||    25
       Ration            |       |       |       |     1 ||     1
Armor: Leather armour    |     7 |    20 |     5 |    15 ||    47
       Robe              |       |       |     2 |       ||     2
Dodge: Dodged            |    16 |    49 |    16 |    22 ||   103
